 Dungeon Sprint DCSS version 0.31-a0-18-gea43df2a32 (webtiles) character file.

Game seed: 11708661146407075837

253 sircluck the Basher (level 5, -8/58 HPs)
             Began as a Minotaur Berserker on May 9, 2023.
             Was a Follower of Trog.
             Mangled by a neqoxec (12 damage)
             ... in the Dungeon (Sprint II: "The Violet Keep of Menkaure").
             The game lasted 00:00:15 (21 turns).

sircluck the Basher (Minotaur Berserker)              Turns: 21, Time: 00:00:15

Health: -8/58      AC:  2    Str: 24    XL:     5   Next: 90%
Magic:  4/4        EV: 13    Int:  4    God:    Trog [*.....]
Gold:   0          SH:  0    Dex:  9    Spells: 4/4 levels left

rFire   . . .        a - +0 mace
rCold   . . .        (no shield)
rNeg    . . .        b - +0 animal skin
rPois   .            (helmet restricted)
rElec   .            (no cloak)
rCorr   .            (no gloves)
SInv    .            (no boots)
Will    .....        (no amulet)
Stlth   +            (no ring)
HPRegen 0.29/turn    (no ring)
MPRegen 0.09/turn

%: no teleportation
@: on berserk cooldown, slowed, unable to read, very slow
A: horns 2, retaliatory headbutt, inability to read after injury 1
a: Renounce Religion, Berserk


You were in the Dungeon.
You worshipped Trog.
Trog was aware of your devotion.
You visited 1 branch

Inventory:

Hand Weapons
 a - a +0 mace (weapon)
Armour
 b - a +0 animal skin (worn)
Scrolls
 h - a scroll of blinking
Potions
 c - a potion of curing
 d - a potion of heal wounds
 e - a potion of haste
 f - 2 potions of magic
 g - a potion of berserk rage


   Skills:
 + Level 9.8 Fighting
 + Level 10.1 Maces & Flails
 + Level 5.2 Armour
 + Level 4.7 Dodging


You had 4 spell levels left.
You didn't know any spells.
Your spell library was empty.

Dungeon Overview and Level Annotations

Branches:
Dungeon (1/1)

Altars:


Innate Abilities, Weirdness & Mutations

You have a pair of horns on your head.
You reflexively headbutt those who attack you in melee.
You occasionally lose the ability to read scrolls when taking damage.


Message History

Your Fighting skill gained 5 levels and is now at level 8!
Your Maces & Flails skill gained 5 levels and is now at level 8!
Your Armour skill gained 2 levels and is now at level 4!
Your Dodging skill increases to level 3!
You have reached level 2!
You have reached level 3!
Your experience leads to an increase in your attributes!
Increase (S)trength, (I)ntelligence, or (D)exterity?
You feel stronger. x2
You have reached level 4!
You feel stronger.
Unknown command.
Unknown command.
Unknown command.
You sock the neqoxec!
The neqoxec is moderately wounded.
The neqoxec hits you!
* * * LOW HITPOINT WARNING * * *
You sock the neqoxec! Your headbutt misses the neqoxec.
The neqoxec is heavily wounded.
The neqoxec hits you.
* * * LOW HITPOINT WARNING * * *
You barely miss the neqoxec.
You punch the neqoxec, but do no damage.
The neqoxec is heavily wounded.
You sock the neqoxec! You headbutt the neqoxec.
You kill the neqoxec!
Trog accepts your kill.
Your Fighting skill increases to level 9!
Your Maces & Flails skill gained 2 levels and is now at level 10!
Your Armour skill increases to level 5!
Your Dodging skill increases to level 4!
You have reached level 5!
You closely miss the neqoxec. You hit the neqoxec.
The neqoxec is lightly wounded.
You are no longer berserk.
You are exhausted.
You feel yourself slow down. The neqoxec hits you!
You die...

# #+# .#
##.##.#
+.<@33#
##.##..#
#+# .#


l#l # .# #. ## ## You could see 2 neqoxecs.

Vanquished Creatures
  2 neqoxecs (D)
2 creatures vanquished.

Notes
Turn   | Place    | Note
-------+----------+-------------------------------------------
     0 | D        | sircluck the Minotaur Berserker began the quest for the
                  | Orb.
     0 | D        | Reached XP level 1. HP: 19/19 MP: 0/0
     1 | D        | Noticed a wyvern
     1 | D        | Noticed a wyvern
     5 | D        | Noticed a neqoxec
     5 | D        | Noticed a neqoxec
     5 | D        | Noticed a neqoxec
     5 | D        | Noticed a neqoxec
     7 | D        | Gained mutation: You occasionally lose the ability to read
                  | scrolls when taking damage. [a neqoxec]
    15 | D        | Killed a neqoxec
    16 | D        | Reached skill level 8 in Maces & Flails
    16 | D        | Reached XP level 2. HP: 8/35 MP: 1/1
    16 | D        | Reached XP level 3. HP: 9/40 MP: 2/2
    16 | D        | Reached XP level 4. HP: 11/48 MP: 3/3
    19 | D        | Killed a neqoxec
    20 | D        | Reached skill level 10 in Maces & Flails
    20 | D        | Reached skill level 5 in Armour
    20 | D        | Reached XP level 5. HP: 5/58 MP: 4/4
    21 | D        | Mangled by a neqoxec

Illustrated notes

Levels and vault maps discovered:
D:        the_violet_keep_of_menkaure [sprint2_stairs_cluster_1,
          sprint2_shoproom, sprint2_temple, sprint2_basic_supplies,
          sprint2_obstacle_6, sprint2_obstacle_2, sprint2_obstacle_4,
          sprint2_obstacle_3, sprint2_obstacle_1, sprint2_timed_cluster_1,
          sprint2_smallroom_cluster_1, sprint2_smallroom_final_cluster_1,
          sprint2_transparent_cluster_1, sprint2_second_timed_cluster_1,
          sprint2_sniper_area_1, sprint2_heavy_combat_area_1,
          sprint2_mutation_trap_area_1, sprint2_forest_area_1,
          sprint2_light_combat_area_1, sprint2_behind_water_1,
          sprint2_near_end_vault_1]

Skill      XL: |  1  2  3  4 |
---------------+-------------+-----
Fighting       | 8 9 |  9.8
Maces & Flails | 8 10 | 10.1
Armour         | 4 5 |  5.2
Dodging        | 3 4 |  4.7

Action                     |  1- 3 |  4- 6 || total
---------------------------+-------+-------++-------
  Melee: Mace              |     9 |     6 ||    15
         Headbutt          |       |     1 ||     1
         Punch             |       |     1 ||     1
 Invoke: Berserk           |     1 |       ||     1
  Dodge: Dodged            |     2 |       ||     2

Table legend: (Time is in decaauts)
 A = Elapsed time spent in this place.
 B = Non-inter-level travel time spent in this place.
 C = Inter-level travel time spent in this place.
 D = Time resting spent in this place.
 E = Time spent auto-exploring this place.
 F = Levels seen in this place.
 G = Mean time per level.
                   A        B        C        D        E       F      G
               +--------+--------+--------+--------+--------+-----+--------+
         Total |     17 |     17 |      0 |      0 |      0 |   1 |   17.0 |
       Dungeon |     17 |     17 |      0 |      0 |      0 |   1 |   17.0 |
               +--------+--------+--------+--------+--------+-----+--------+

Top non-repeatable levels by time:
       D: 17 daAuts
